AoeStats
← [RZ] HardZeeiRa-BR

Four Lakes

508519411Analyzed
1v1 RM · 9d ago on Sep 22, 2026· 31m 20s· 2 players
Game mode
Random Map
Map size
Tiny (2 player)
Population
200
Speed
Normal
Resources
Standard
Victory
Conquest
Starting age
Dark Age
Ending age
Imperial Age
RankedLock teamsTeams togetherTeam positionsShared explorationLock speedFull tech treeHidden civsTurbo modeCheats
Victory
Defeat
🇲🇽 Mongols · Mexico
1220
+15
🇧🇷 Franks · Brazil
1203
-15
[RZ] HardZeeiRa-BR
7:12 Loom
10:11 Feudal Age
19:47 Castle Age
18:08 Fishing Lines
18:45 Gold Mining
19:02 Scale Barding Armor
20:30 Forging
22:28 Chain Barding Armor
23:39 Fletching
29:19 Wheelbarrow
28:36 Town Watch
29:38 Husbandry
Full Random enjoyer
7:05 Loom
9:39 Feudal Age
12:00 Double-Bit Axe
17:03 Castle Age
14:57 Fletching
17:46 Bodkin Arrow
17:42 Fishing Lines
23:01 Ballistics
26:04 Fervor
27:30 Wheelbarrow
26:40 Town Watch
29:24 Padded Archer Armor
30:25 Leather Archer Armor
30:22 Thumb Ring
31:05 Bloodlines
Connection lost

Rejoining the realm…

Still unreachable

The connection could not be restored.

Session expired

The server has moved on; the page needs a fresh start.